 Dungeon Crawl Stone Soup version 0.19.5 (webtiles) character file.

428 theAP the Slasher (level 7, 0/56 HPs)
             Began as a Formicid Fighter on Apr 14, 2017.
             Slain by a white imp (3 damage)
             ... summoned by Natasha
             ... on level 3 of the Dungeon.
             The game lasted 00:08:12 (2565 turns).

theAP the Slasher (Formicid Fighter)                Turns: 2565, Time: 00:08:12

Health: 0/56       AC: 14    Str: 21    XL:     7   Next: 18%
Magic:  16/16      EV:  4    Int:  9    God:
Gold:   151        SH:  9    Dex: 10    Spells: 0 memorised, 6 levels left

rFire  . . .     SeeInvis +     a - +0 long sword
rCold  . . .     Gourm    .     p - +3 plate armour
rNeg   . . .     Faith    .     c - +0 shield
rPois  .         Spirit   .     (helmet unavailable)
rElec  .         Reflect  .     (no cloak)
rCorr  .         Harm     .     (no gloves)
MR     .....                    (no boots)
Stlth  ..........               (no amulet)
                                n - ring of magical power
                                q - ring of wizardry

@: no status effects
A: permanent stasis, dig shafts and tunnels, four strong arms, antennae 3
a: Dig, Shaft Self


You were on level 3 of the Dungeon.
You were not hungry.

You visited 1 branch of the dungeon, and saw 3 of its levels.
You also visited: Sewer.

You collected 151 gold pieces.

Inventory:

Hand Weapons
 a - a +0 long sword (weapon)
Armour
 b - a +0 scale mail
 c - a +0 shield (worn)
 p - a +3 plate armour (worn)
Jewellery
 l - an uncursed ring of protection from fire
 n - a ring of magical power (right hand)
 q - a ring of wizardry (left hand)
Scrolls
 d - a scroll of fear {unknown}
 h - 2 scrolls of remove curse
 j - a scroll of identify
Potions
 e - a potion of cure mutation {unknown}
 g - 2 potions of lignification {unknown}
 i - 2 potions of haste
 m - a potion of might
 s - 4 potions of flight
Books
 t - a book of Conjurations

   Spells                             Type                      Level
   a - Magic Dart                     Conjuration                  1
   b - Searing Ray                    Conjuration                  2
   c - Dazzling Spray                 Conjuration/Hexes            3
   d - Fulminant Prism                Conjuration/Hexes            4
   e - Iskenderun's Mystic Blast      Conjuration                  4
   f - Iskenderun's Battlesphere      Conjuration/Charms           5
Comestibles
 f - 2 bread rations


   Skills:
 + Level 5.5 Fighting
 * Level 5.9 Long Blades
 - Level 3.3 Armour
 - Level 3.6 Shields


You had 6 spell levels left.
You didn't know any spells.

Dungeon Overview and Level Annotations

Branches:
Dungeon (3/15)

Altars:
Xom

Annotations:
D:3 Natasha


Innate Abilities, Weirdness & Mutations

You are under a permanent stasis effect.
You can dig through walls and to a lower floor.
Your four strong arms can wield two-handed weapons with a shield.
You have a pair of large antennae on your head. (SInv)


Message History

You hit Natasha.
Natasha is heavily wounded.
Natasha claws you. The white imp gestures at you. The puff of frost hits you!
* * * LOW HITPOINT WARNING * * *
You hit Natasha.
Natasha is severely wounded.
You block Natasha's attack. You block the white imp's attack.
The white imp barely misses you.
You riposte.
You hit the white imp.
The white imp is lightly wounded.
You closely miss Natasha.
Natasha is severely wounded.
Natasha casts a spell at you. The magic dart hits you!
* * * LOW HITPOINT WARNING * * *
The white imp hits you.
* * * LOW HITPOINT WARNING * * *
The white imp freezes you.
You die...

#.##.##.........
#.##.##.........
#.##.##.........
#......#####.### #......#
###.### . #######......#
#.....# ..
.............###.....#
...########...............#
.........5@.......###.....#
..........5h....### #...†.#
....[...........#####.#.#..
.#.......<........##.#.##.
#.............## #.#.##(
#.............# #.#.##.
#...[.........##.##.#.##÷
#########.######.##.#.##≈
#.# #.##.#.##≈


You could see Natasha and 2 white imps.

Vanquished Creatures
  Sigmund (D:2)
  An orc priest (D:3)
  Natasha (D:3)
  A siren (Sewer)
  A merfolk avatar (Sewer)
  2 gnolls (D:1)
  8 adders
  A river rat (Sewer)
  2 worms (D:2)
  2 dart slugs (D:2)
  8 leopard geckos
  2 orcs (D:3)
  2 ball pythons
  11 giant cockroaches
  8 goblins
  5 hobgoblins
  4 kobolds
  A quokka (D:2)
  5 bats
  6 frilled lizards
  26 rats
98 creatures vanquished.

Notes
Turn   | Place    | Note
-------+----------+-------------------------------------------
     0 | D:1      | theAP the Formicid Fighter began the quest for the Orb.
     0 | D:1      | Reached XP level 1. HP: 18/18 MP: 1/1
   172 | D:1      | Reached XP level 2. HP: 19/24 MP: 2/2
   233 | D:1      | Reached XP level 3. HP: 22/29 MP: 3/3
   583 | D:2      | Reached XP level 4. HP: 30/37 MP: 4/4
   667 | D:2      | Noticed Sigmund
   684 | D:2      | Killed Sigmund
   684 | D:2      | Reached XP level 5. HP: 28/43 MP: 5/5
   745 | D:2      | Found a shimmering altar of Xom.
   772 | D:2      | Found a shimmering altar of Xom.
   774 | D:2      | Found a shimmering altar of Xom.
   774 | D:2      | Found a shimmering altar of Xom.
   774 | D:2      | Found a shimmering altar of Xom.
   801 | D:2      | Reached XP level 6. HP: 49/49 MP: 6/6
  1268 | D:3      | Reached skill level 5 in Fighting
  1268 | D:3      | Reached skill level 5 in Long Blades
  1427 | D:3      | Noticed Natasha
  1432 | D:3      | Killed Natasha
  1515 | D:3      | Found a glowing drain.
  1565 | Sewer    | Entered a sewer
  1980 | Sewer    | Reached XP level 7. HP: 56/56 MP: 7/7
  2538 | D:3      | Noticed Natasha
  2565 | D:3      | Slain by a white imp

Skill      XL: |  1  2  3  4  5  6 |
---------------+-------------------+-----
Long Blades    | 3 4 5 |  5.9
Fighting       | 4 5 |  5.5
Armour         | |  3.3
Shields        | |  3.6

Action                   |  1- 3 |  4- 6 |  7- 9 || total
-------------------------+-------+-------+-------++-------
Melee: Long sword        |    66 |   234 |    99 ||   399
  Use: Potion            |       |     1 |     3 ||     4
       Scroll            |       |     6 |     3 ||     9
  Eat: Chunk             |       |     4 |     1 ||     5
       Beef jerky        |       |       |     1 ||     1
Armor: Scale mail        |    37 |    40 |       ||    77
       Plate armour      |       |    70 |    97 ||   167
Dodge: Dodged            |    20 |    56 |    17 ||    93
Block: Shield            |    33 |   109 |    59 ||   201
       Rpst.: Long sword |     9 |    18 |     6 ||    33
